[ PARTIDA AOE2 · #494467578 ]
UnrankedIndostaníes vs Celts
Equipo del jugador · DERR
Equipo rival · VICT
[ ANÁLISIS DE REPETICIÓN · EXTRAÍDO DE LA PARTIDA GRABADA ]
Feudal
11:22
Castillos
36:29
Imperial
48:42
| APM promedio | 28.7 |
| APM pico | 82 |
| eAPM promedio | 17.5 |
| Aldeanos / militares | 132 / 82 |
Foco
⚔️ 27.8% · 🌾 72.2%
Cavalry Archer ×58 · Camel Scout ×10 · Scout Cavalry ×8 · Trebuchet (Packed) ×5 · Armored Elephant ×1
Feudal
26:23
Castillos
32:25
Imperial
50:58
| APM promedio | 33.4 |
| APM pico | 68 |
| eAPM promedio | 18.7 |
| Aldeanos / militares | 188 / 43 |
Foco
⚔️ 28.8% · 🌾 71.2%
Spearman ×27 · Mangonel ×12 · Trebuchet (Packed) ×4
Mapa de la partida
Recursos iniciales + cada clic de construcción. Líneas = muros · curvas = relieve. ◆ oro · ⬟ piedra · ● bayas · ✦ reliquia · ◌ hueco del cierre
Tu base· Abierta — hueco de 3t
Base de ChuckieMagnets· Abierta — hueco de 8t
Terreno inicial suavizado · ◌ = hueco del cierre detectado · pasá el cursor para detalles
Inputs por minuto
— LRNI_robotech - - ChuckieMagnets
Build order — LRNI_robotech
Primeras 150 de 286 acciones detectadas
| 0:05 | Construir | Town Center |
| 1:09 | Crear | Villager (Male) |
| 1:10 | Crear | Villager (Male) |
| 1:10 | Crear | Villager (Male) |
| 1:11 | Crear | Villager (Male) |
| 1:11 | Crear | Villager (Male) |
| 2:12 | Construir | Lumber Camp |
| 2:12 | Crear | Villager (Male) |
| 2:13 | Crear | Villager (Male) |
| 2:48 | Crear | Villager (Male) |
| 3:07 | Crear | Villager (Male) |
| 3:42 | Investigar | Loom |
| 4:07 | Crear | Villager (Male) |
| 4:31 | Construir | Mill |
| 4:37 | Crear | Villager (Male) |
| 4:46 | Crear | Villager (Male) |
| 5:07 | Crear | Villager (Male) |
| 5:07 | Crear | Villager (Male) |
| 5:43 | Crear | Villager (Male) |
| 5:59 | Construir | Mill |
| 6:05 | Crear | Villager (Male) |
| 6:28 | Crear | Villager (Male) |
| 6:29 | Crear | Villager (Male) |
| 6:43 | Construir | House |
| 7:32 | Crear | Villager (Male) |
| 7:34 | Crear | Villager (Male) |
| 8:21 | Crear | Villager (Male) |
| 8:45 | Crear | Villager (Male) |
| 9:06 | Investigar | Feudal Age |
| 9:55 | Crear | Villager (Male) |
| 9:55 | Crear | Villager (Male) |
| 11:22 | Edad | Edad Feudal |
| 11:24 | Construir | Mining Camp |
| 11:28 | Crear | Villager (Male) |
| 11:28 | Crear | Villager (Male) |
| 11:28 | Crear | Villager (Male) |
| 11:41 | Crear | Villager (Male) |
| 11:42 | Crear | Villager (Male) |
| 11:50 | Construir | House |
| 12:39 | Crear | Villager (Male) |
| 12:39 | Crear | Villager (Male) |
| 12:52 | Crear | Villager (Male) |
| 12:52 | Crear | Villager (Male) |
| 13:10 | Crear | Villager (Male) |
| 13:10 | Crear | Villager (Male) |
| 14:14 | Crear | Villager (Male) |
| 14:41 | Construir | House |
| 15:12 | Crear | Villager (Male) |
| 16:08 | Construir | Palisade Wall |
| 17:45 | Construir | Lumber Camp |
| 17:47 | Construir | Palisade Wall |
| 17:50 | Construir | Palisade Wall |
| 17:53 | Construir | Palisade Wall |
| 21:02 | Construir | Lumber Camp |
| 23:14 | Construir | Town Center |
| 24:11 | Crear | Villager (Male) |
| 24:11 | Crear | Villager (Male) |
| 24:12 | Crear | Villager (Male) |
| 24:36 | Crear | Villager (Male) |
| 24:36 | Crear | Villager (Male) |
| 25:18 | Construir | Palisade Wall |
| 25:44 | Crear | Villager (Male) |
| 25:44 | Crear | Villager (Male) |
| 25:50 | Crear | Villager (Male) |
| 25:50 | Crear | Villager (Male) |
| 25:59 | Construir | Mill |
| 26:23 | Construir | House |
| 26:37 | Construir | Palisade Wall |
| 26:45 | Crear | Villager (Male) |
| 26:49 | Construir | House |
| 27:04 | Construir | Lumber Camp |
| 27:18 | Crear | Villager (Male) |
| 27:20 | Construir | House |
| 27:45 | Construir | Barracks |
| 27:49 | Crear | Villager (Male) |
| 27:50 | Crear | Villager (Male) |
| 28:00 | Construir | Farm |
| 28:03 | Investigar | Double-Bit Axe |
| 28:13 | Construir | Farm |
| 28:28 | Crear | Villager (Male) |
| 28:32 | Construir | Farm |
| 28:32 | Construir | Farm |
| 28:44 | Crear | Villager (Male) |
| 28:50 | Construir | Stable |
| 28:56 | Crear | Villager (Male) |
| 28:56 | Crear | Villager (Male) |
| 29:02 | Construir | Farm |
| 29:08 | Crear | Villager (Male) |
| 29:26 | Crear | Villager (Male) |
| 29:26 | Crear | Villager (Male) |
| 29:29 | Construir | House |
| 29:39 | Construir | Farm |
| 29:51 | Crear | Villager (Male) |
| 29:54 | Crear | Villager (Male) |
| 30:04 | Construir | Farm |
| 30:05 | Construir | Farm |
| 30:06 | Construir | Farm |
| 30:11 | Construir | House |
| 30:16 | Crear | Scout Cavalry |
| 30:16 | Crear | Scout Cavalry |
| 30:16 | Crear | Scout Cavalry |
| 30:16 | Crear | Scout Cavalry |
| 30:28 | Crear | Villager (Male) |
| 30:30 | Construir | Farm |
| 30:48 | Construir | Palisade Wall |
| 30:56 | Crear | Villager (Male) |
| 31:01 | Crear | Villager (Male) |
| 31:02 | Crear | Villager (Male) |
| 31:16 | Construir | Farm |
| 31:16 | Construir | Farm |
| 31:16 | Construir | Farm |
| 31:17 | Construir | Farm |
| 31:17 | Construir | Farm |
| 31:24 | Crear | Scout Cavalry |
| 31:29 | Construir | Blacksmith |
| 31:36 | Crear | Villager (Male) |
| 31:37 | Crear | Villager (Male) |
| 32:04 | Crear | Villager (Male) |
| 32:06 | Construir | Farm |
| 32:08 | Crear | Villager (Male) |
| 32:08 | Crear | Villager (Male) |
| 32:22 | Construir | Palisade Wall |
| 32:28 | Crear | Villager (Male) |
| 32:28 | Crear | Villager (Male) |
| 32:47 | Crear | Villager (Male) |
| 32:50 | Construir | Farm |
| 32:54 | Construir | Farm |
| 32:55 | Construir | Farm |
| 32:55 | Construir | Farm |
| 32:56 | Construir | Farm |
| 33:26 | Crear | Villager (Male) |
| 33:49 | Investigar | Castle Age |
| 34:03 | Construir | Stable |
| 34:21 | Investigar | Forging |
| 34:51 | Crear | Villager (Male) |
| 34:51 | Crear | Villager (Male) |
| 35:00 | Crear | Villager (Male) |
| 35:00 | Crear | Villager (Male) |
| 35:03 | Construir | House |
| 35:06 | Investigar | Bloodlines |
| 35:40 | Investigar | Scale Barding Armor |
| 35:47 | Construir | Farm |
| 35:52 | Construir | Farm |
| 35:55 | Construir | House |
| 36:06 | Crear | Villager (Male) |
| 36:07 | Crear | Villager (Male) |
| 36:24 | Construir | Lumber Camp |
| 36:29 | Edad | Edad de los Castillos |
| 36:33 | Crear | Camel Scout ×5 |
| 36:33 | Crear | Camel Scout ×5 |
Build order — ChuckieMagnets
Primeras 150 de 462 acciones detectadas
| 1:26 | Construir | Town Center |
| 1:47 | Construir | Palisade Wall |
| 1:50 | Construir | Palisade Wall |
| 1:51 | Construir | Palisade Wall |
| 2:53 | Crear | Villager (Male) ×4 |
| 3:01 | Investigar | Loom |
| 3:18 | Crear | Villager (Male) |
| 3:19 | Crear | Villager (Male) |
| 3:47 | Crear | Villager (Male) |
| 3:47 | Crear | Villager (Male) |
| 4:05 | Construir | House |
| 4:15 | Construir | House |
| 4:22 | Crear | Villager (Male) |
| 4:22 | Crear | Villager (Male) |
| 4:24 | Construir | Lumber Camp |
| 4:26 | Construir | House |
| 4:37 | Crear | Villager (Male) |
| 4:38 | Crear | Villager (Male) |
| 4:59 | Crear | Villager (Male) |
| 4:59 | Crear | Villager (Male) |
| 6:31 | Crear | Villager (Male) |
| 6:56 | Construir | Palisade Wall |
| 6:57 | Construir | Palisade Wall |
| 6:58 | Construir | Palisade Wall |
| 6:58 | Construir | Palisade Wall |
| 7:00 | Construir | Palisade Wall |
| 7:00 | Construir | Palisade Wall |
| 7:01 | Construir | Palisade Wall |
| 7:03 | Construir | Palisade Wall |
| 7:06 | Crear | Villager (Male) |
| 7:06 | Crear | Villager (Male) |
| 7:07 | Crear | Villager (Male) |
| 7:35 | Construir | House |
| 7:41 | Construir | House |
| 7:54 | Crear | Villager (Male) |
| 7:55 | Crear | Villager (Male) |
| 8:04 | Construir | Palisade Wall |
| 8:22 | Construir | Palisade Wall |
| 8:25 | Crear | Villager (Male) |
| 8:26 | Crear | Villager (Male) |
| 8:54 | Construir | Town Center |
| 9:10 | Construir | Palisade Wall |
| 9:33 | Crear | Villager (Male) ×5 |
| 9:45 | Construir | Palisade Wall |
| 9:52 | Construir | Palisade Wall |
| 10:16 | Construir | Palisade Wall |
| 10:18 | Construir | Palisade Wall |
| 10:31 | Crear | Villager (Male) |
| 11:27 | Construir | House |
| 11:37 | Crear | Villager (Male) |
| 11:47 | Construir | Palisade Wall |
| 11:50 | Construir | Palisade Wall |
| 12:03 | Crear | Villager (Male) |
| 12:03 | Crear | Villager (Male) |
| 12:06 | Construir | House |
| 12:18 | Construir | Palisade Wall |
| 12:41 | Crear | Villager (Male) |
| 13:04 | Crear | Villager (Male) |
| 13:41 | Crear | Villager (Male) |
| 13:41 | Crear | Villager (Male) |
| 14:11 | Crear | Villager (Male) |
| 14:34 | Crear | Villager (Male) |
| 15:02 | Construir | Palisade Wall |
| 15:04 | Crear | Villager (Male) |
| 15:06 | Construir | House |
| 15:31 | Construir | Palisade Wall |
| 15:33 | Crear | Villager (Male) |
| 15:34 | Crear | Villager (Male) |
| 15:44 | Construir | Palisade Wall |
| 15:51 | Construir | House |
| 16:02 | Construir | House |
| 16:07 | Construir | Palisade Wall |
| 16:14 | Crear | Villager (Male) |
| 16:31 | Construir | House |
| 16:49 | Crear | Villager (Male) |
| 16:50 | Crear | Villager (Male) |
| 17:02 | Construir | Palisade Wall |
| 17:23 | Crear | Villager (Male) |
| 18:01 | Construir | Palisade Wall |
| 18:03 | Construir | Palisade Wall |
| 18:08 | Construir | Palisade Wall |
| 18:19 | Crear | Villager (Male) |
| 18:19 | Crear | Villager (Male) |
| 18:20 | Construir | Mill |
| 18:33 | Construir | Palisade Wall |
| 18:35 | Construir | Palisade Wall |
| 18:44 | Construir | Palisade Wall |
| 18:50 | Crear | Villager (Male) |
| 19:02 | Construir | Palisade Wall |
| 19:03 | Construir | Lumber Camp |
| 19:08 | Construir | Palisade Wall |
| 19:24 | Crear | Villager (Male) |
| 19:24 | Crear | Villager (Male) |
| 19:46 | Construir | Palisade Wall |
| 19:52 | Crear | Villager (Male) |
| 19:52 | Crear | Villager (Male) |
| 20:10 | Crear | Villager (Male) |
| 20:12 | Construir | Palisade Wall |
| 20:14 | Construir | Palisade Wall |
| 20:15 | Construir | Palisade Wall |
| 20:15 | Construir | Palisade Wall |
| 20:16 | Construir | Palisade Wall |
| 20:16 | Construir | Palisade Wall |
| 20:26 | Construir | Lumber Camp |
| 20:54 | Construir | Palisade Wall |
| 20:58 | Crear | Villager (Male) |
| 20:59 | Crear | Villager (Male) |
| 21:08 | Construir | House |
| 21:44 | Construir | Palisade Wall |
| 21:47 | Construir | House |
| 21:55 | Construir | Mining Camp |
| 22:14 | Construir | Palisade Gate |
| 22:19 | Crear | Villager (Male) |
| 22:19 | Crear | Villager (Male) |
| 22:19 | Crear | Villager (Male) |
| 22:25 | Construir | Lumber Camp |
| 22:38 | Construir | Palisade Wall |
| 23:01 | Construir | Palisade Wall |
| 23:07 | Construir | Lumber Camp |
| 23:10 | Crear | Villager (Male) |
| 23:12 | Construir | Palisade Wall |
| 23:32 | Construir | Palisade Wall |
| 23:41 | Construir | Mill |
| 23:56 | Construir | Palisade Wall |
| 24:13 | Investigar | Feudal Age |
| 24:19 | Construir | Palisade Wall |
| 24:21 | Construir | Palisade Wall |
| 24:38 | Construir | Mill |
| 25:06 | Construir | Palisade Wall |
| 25:14 | Crear | Villager (Male) |
| 25:18 | Construir | Mining Camp |
| 25:41 | Construir | Palisade Gate |
| 26:05 | Construir | Palisade Wall |
| 26:06 | Construir | Palisade Wall |
| 26:07 | Construir | Palisade Wall |
| 26:07 | Construir | Palisade Wall |
| 26:08 | Construir | Palisade Wall |
| 26:23 | Edad | Edad Feudal |
| 26:28 | Construir | Stone Wall |
| 26:38 | Construir | Stone Wall |
| 26:51 | Construir | Stone Wall |
| 26:53 | Crear | Villager (Male) |
| 26:53 | Crear | Villager (Male) |
| 26:56 | Construir | Market |
| 26:59 | Construir | Blacksmith |
| 27:07 | Construir | Outpost |
| 27:12 | Construir | House |
| 27:16 | Construir | Stone Wall |
| 27:29 | Construir | House |
| 27:40 | Crear | Villager (Male) |
Cronología de la partida
| 1:47 | ChuckieMagnets · wall_segment Palisade Wall x1 |
| 1:50 | ChuckieMagnets · wall_segment Palisade Wall x1 |
| 1:51 | ChuckieMagnets · wall_segment Palisade Wall x1 |
| 6:56 | ChuckieMagnets · wall_segment Palisade Wall x1 |
| 6:57 | ChuckieMagnets · wall_segment Palisade Wall x1 |
| 6:58 | ChuckieMagnets · wall_segment Palisade Wall x1 |
| 6:58 | ChuckieMagnets · wall_segment Palisade Wall x1 |
| 7:00 | ChuckieMagnets · wall_segment Palisade Wall x1 |
| 7:00 | ChuckieMagnets · wall_segment Palisade Wall x1 |
| 7:01 | ChuckieMagnets · wall_segment Palisade Wall x1 |
| 7:03 | ChuckieMagnets · wall_segment Palisade Wall x3 |
| 8:04 | ChuckieMagnets · wall_segment Palisade Wall x3 |
| 8:22 | ChuckieMagnets · wall_segment Palisade Wall x9 |
| 9:10 | ChuckieMagnets · wall_segment Palisade Wall x2 |
| 9:45 | ChuckieMagnets · wall_segment Palisade Wall x11 |
| 9:52 | ChuckieMagnets · wall_segment Palisade Wall x1 |
| 10:16 | ChuckieMagnets · wall_segment Palisade Wall x2 |
| 10:18 | ChuckieMagnets · wall_segment Palisade Wall x1 |
| 11:22 | LRNI_robotech · age_up feudal |
| 11:47 | ChuckieMagnets · wall_segment Palisade Wall x1 |
| 11:50 | ChuckieMagnets · wall_segment Palisade Wall x1 |
| 12:18 | ChuckieMagnets · wall_segment Palisade Wall x3 |
| 15:02 | ChuckieMagnets · wall_segment Palisade Wall x1 |
| 15:31 | ChuckieMagnets · wall_segment Palisade Wall x1 |
| 15:44 | ChuckieMagnets · wall_segment Palisade Wall x1 |
| 16:07 | ChuckieMagnets · wall_segment Palisade Wall x1 |
| 16:08 | LRNI_robotech · wall_segment Palisade Wall x1 |
| 17:02 | ChuckieMagnets · wall_segment Palisade Wall x9 |
| 17:47 | LRNI_robotech · wall_segment Palisade Wall x1 |
| 17:50 | LRNI_robotech · wall_segment Palisade Wall x1 |
| 17:53 | LRNI_robotech · wall_segment Palisade Wall x1 |
| 18:01 | ChuckieMagnets · wall_segment Palisade Wall x3 |
| 18:03 | ChuckieMagnets · wall_segment Palisade Wall x1 |
| 18:08 | ChuckieMagnets · wall_segment Palisade Wall x1 |
| 18:33 | ChuckieMagnets · wall_segment Palisade Wall x5 |
| 18:35 | ChuckieMagnets · wall_segment Palisade Wall x3 |
| 18:44 | ChuckieMagnets · wall_segment Palisade Wall x8 |
| 19:02 | ChuckieMagnets · wall_segment Palisade Wall x5 |
| 19:08 | ChuckieMagnets · wall_segment Palisade Wall x2 |
| 19:46 | ChuckieMagnets · wall_segment Palisade Wall x2 |
| 20:12 | ChuckieMagnets · wall_segment Palisade Wall x4 |
| 20:14 | ChuckieMagnets · wall_segment Palisade Wall x1 |
| 20:15 | ChuckieMagnets · wall_segment Palisade Wall x1 |
| 20:15 | ChuckieMagnets · wall_segment Palisade Wall x1 |
| 20:16 | ChuckieMagnets · wall_segment Palisade Wall x1 |
| 20:16 | ChuckieMagnets · wall_segment Palisade Wall x1 |
| 20:54 | ChuckieMagnets · wall_segment Palisade Wall x2 |
| 21:44 | ChuckieMagnets · wall_segment Palisade Wall x10 |
| 22:38 | ChuckieMagnets · wall_segment Palisade Wall x2 |
| 23:01 | ChuckieMagnets · wall_segment Palisade Wall x2 |
| 23:12 | ChuckieMagnets · wall_segment Palisade Wall x2 |
| 23:32 | ChuckieMagnets · wall_segment Palisade Wall x1 |
| 23:56 | ChuckieMagnets · wall_segment Palisade Wall x4 |
| 24:19 | ChuckieMagnets · wall_segment Palisade Wall x6 |
| 24:21 | ChuckieMagnets · wall_segment Palisade Wall x5 |
| 25:06 | ChuckieMagnets · wall_segment Palisade Wall x7 |
| 25:18 | LRNI_robotech · wall_segment Palisade Wall x8 |
| 26:05 | ChuckieMagnets · wall_segment Palisade Wall x1 |
| 26:06 | ChuckieMagnets · wall_segment Palisade Wall x1 |
| 26:07 | ChuckieMagnets · wall_segment Palisade Wall x1 |
| 26:07 | ChuckieMagnets · wall_segment Palisade Wall x1 |
| 26:08 | ChuckieMagnets · wall_segment Palisade Wall x1 |
| 26:23 | ChuckieMagnets · age_up feudal |
| 26:28 | ChuckieMagnets · wall_segment Stone Wall x8 |
| 26:37 | LRNI_robotech · wall_segment Palisade Wall x2 |
| 26:38 | ChuckieMagnets · wall_segment Stone Wall x1 |
| 26:51 | ChuckieMagnets · wall_segment Stone Wall x1 |
| 27:16 | ChuckieMagnets · wall_segment Stone Wall x3 |
| 27:45 | LRNI_robotech · first_building Barracks |
| 28:04 | ChuckieMagnets · wall_segment Stone Wall x3 |
| 28:43 | ChuckieMagnets · wall_segment Stone Wall x3 |
| 28:44 | ChuckieMagnets · wall_segment Stone Wall x1 |
| 28:44 | ChuckieMagnets · wall_segment Stone Wall x1 |
| 28:45 | ChuckieMagnets · wall_segment Stone Wall x1 |
| 28:46 | ChuckieMagnets · wall_segment Stone Wall x1 |
| 28:50 | LRNI_robotech · first_building Stable |
| 29:31 | ChuckieMagnets · wall_segment Stone Wall x18 |
| 29:53 | ChuckieMagnets · wall_segment Stone Wall x8 |
| 30:02 | ChuckieMagnets · first_building Barracks |
| 30:48 | LRNI_robotech · wall_segment Palisade Wall x6 |
| 31:03 | ChuckieMagnets · wall_segment Stone Wall x3 |
| 31:30 | ChuckieMagnets · first_market_buy 100 food |
| 32:01 | ChuckieMagnets · wall_segment Stone Wall x8 |
| 32:18 | ChuckieMagnets · wall_segment Stone Wall x15 |
| 32:22 | LRNI_robotech · wall_segment Palisade Wall x1 |
| 32:25 | ChuckieMagnets · age_up castle |
| 32:59 | ChuckieMagnets · wall_segment Stone Wall x2 |
| 33:03 | ChuckieMagnets · wall_segment Stone Wall x7 |
| 34:05 | ChuckieMagnets · wall_segment Palisade Wall x1 |
| 34:07 | ChuckieMagnets · wall_segment Palisade Wall x1 |
| 34:11 | ChuckieMagnets · wall_segment Palisade Wall x1 |
| 34:13 | ChuckieMagnets · wall_segment Palisade Wall x1 |
| 34:14 | ChuckieMagnets · wall_segment Palisade Wall x1 |
| 34:16 | ChuckieMagnets · wall_segment Palisade Wall x1 |
| 34:44 | ChuckieMagnets · wall_segment Stone Wall x1 |
| 34:47 | ChuckieMagnets · wall_segment Stone Wall x1 |
| 36:13 | ChuckieMagnets · wall_segment Stone Wall x3 |
| 36:29 | LRNI_robotech · age_up castle |
| 36:50 | LRNI_robotech · first_building Siege Workshop |
| 38:34 | ChuckieMagnets · wall_segment Stone Wall x3 |
| 38:37 | ChuckieMagnets · wall_segment Stone Wall x4 |
| 38:43 | ChuckieMagnets · wall_segment Stone Wall x7 |
| 39:10 | ChuckieMagnets · wall_segment Stone Wall x1 |
| 39:32 | ChuckieMagnets · wall_segment Stone Wall x1 |
| 39:52 | LRNI_robotech · first_building Archery Range |
| 41:48 | ChuckieMagnets · first_building Castle |
| 42:23 | ChuckieMagnets · wall_segment Stone Wall x1 |
| 42:25 | ChuckieMagnets · wall_segment Stone Wall x1 |
| 45:01 | LRNI_robotech · first_building Monastery |
| 47:05 | ChuckieMagnets · first_building Siege Workshop |
| 48:40 | ChuckieMagnets · wall_segment Stone Wall x5 |
| 48:42 | LRNI_robotech · age_up imperial |
| 49:07 | LRNI_robotech · first_market_sell 100 wood |
| 49:09 | LRNI_robotech · first_market_buy 100 stone |
| 49:26 | LRNI_robotech · first_building Castle |
| 50:10 | ChuckieMagnets · first_market_sell 500 wood |
| 50:58 | ChuckieMagnets · age_up imperial |
| 51:21 | ChuckieMagnets · wall_segment Stone Wall x4 |
| 52:48 | LRNI_robotech · resign |
[ ANÁLISIS IA · 1 CRÉDITO ]
¿Qué pasó realmente en esta partida?
Wolo.gg analiza cada decisión: build order, eco, micro, errores típicos por bracket. Análisis personalizado por WhatsApp o Discord en 30 segundos.
Guía civ
Indostaníes
Perfil
LRNI_robotech